 Dungeon Crawl Stone Soup version 0.28-a0-1429-gf3d713df7a (webtiles) character file.

Game seed: 11681061397770783716

1403 bande the Chopper (level 8, -2/49 HPs)
             Began as a Gargoyle Fighter on Jan 9, 2022.
             Killed from afar by a steam dragon (13 damage)
             ... with a ball of steam
             ... on level 5 of the Dungeon.
             The game lasted 00:10:27 (6257 turns).

bande the Chopper (Gargoyle Fighter)                Turns: 6257, Time: 00:10:28

Health: -2/49      AC: 19    Str: 21    XL:     8   Next: 69%
Magic:  8/8        EV:  7    Int:  8    God:
Gold:   131        SH:  5    Dex: 11    Spells: 7/7 levels left

rFire   . . .      SeeInvis .   a - +0 war axe
rCold   . . .      Faith    .   c - +0 buckler
rNeg    + . .      Spirit   .   d - +0 chain mail
rPois   ∞          Reflect  .   f - +1 helmet
rElec   +          Harm     .   m - +0 cloak {Will+}
rCorr   .          Rampage  .   (no gloves)
Will    +....                   (no boots)
Stlth   ..........              (no amulet)
HPRegen 0.16/turn               (no ring)
MPRegen 0.11/turn               (no ring)

@: no status effects
A: sickness immunity, AC +5, negative energy resistance 1, electricity
resistance, torment resistance 1, petrification resistance
a: no special abilities


You were on level 5 of the Dungeon.
You visited 1 branch of the dungeon, and saw 6 of its levels.

You collected 131 gold pieces.

Inventory:

Hand Weapons
 a - a +0 war axe (weapon)
 i - a +0 flail
Armour
 c - a +0 buckler (worn)
 d - a +0 chain mail (worn)
 f - a +1 helmet (worn)
 m - a +0 cloak of willpower (worn)
Jewellery
 g - an amulet of the acrobat
Wands
 j - a wand of acid (5)
 k - a wand of polymorph (13)
 n - a wand of digging (8)
 o - a wand of mindburst (7)
Scrolls
 b - a scroll of fear
 e - a scroll of identify
Potions
 h - 2 potions of magic
 l - a potion of flight


   Skills:
 + Level 5.1 Fighting
 + Level 6.4 Axes
 + Level 5.4 Armour
 + Level 5.2 Shields
 * Level 3.6 Evocations


You had 7 spell levels left.
You didn't know any spells.
Your spell library contained the following spells:

 Spells                   Type           Power      Damage    Failure   Level
 Shock                    Conj/Air       0%         1d3       99%         1
 Swiftness                Air            0%         N/A       100%        3
 Airstrike                Air            0%         N/A       100%        4


Dungeon Overview and Level Annotations

Branches:
Dungeon (6/15)
 Temple: D:4-7

Altars:
Wu Jian

Annotations:
D:4 2 transporters, bronco's ghost, novice OpVM


Innate Abilities, Weirdness & Mutations

You are immune to sickness and miasma.
Your stone body is resilient. (AC +5)
You are immune to poison.
You resist negative energy. (rN+)
You are resistant to electric shocks. (rElec)
You are resistant to unholy torment.
You are immune to petrification.


Message History

A steam dragon comes into view.
The steam dragon hisses angrily.
A steam dragon is nearby!
The steam dragon breathes steam at you. The ball of steam hits you!
You closely miss the steam dragon.
You are engulfed in a cloud of scalding steam.
The steam dragon barely misses you. x2
You are too injured to fight recklessly!
You are too injured to fight recklessly!
You are too injured to fight recklessly!
You are too injured to fight recklessly!
Unknown command.
You hit the steam dragon.
The steam dragon is lightly wounded.
The steam dragon bites you but does no damage.
You block the steam dragon's attack.
The steam dragon bites you but does no damage.
The steam dragon claws you but does no damage.
You barely miss the steam dragon.
The steam dragon is lightly wounded.
The steam dragon breathes steam at you. The ball of steam hits you.
You completely miss the steam dragon.
The steam dragon is lightly wounded.
You are engulfed in a cloud of scalding steam.
You block the steam dragon's attack.
The steam dragon claws you but does no damage.
You slash the steam dragon!
The steam dragon is heavily wounded.
The steam dragon bites you.
The steam dragon claws you but does no damage.
You hit the steam dragon.
The steam dragon is heavily wounded.
The steam dragon bites you.
* * * LOW HITPOINT WARNING * * *
The steam dragon claws you but does no damage.
The steam dragon breathes steam at you. The ball of steam hits you!
You die...

............... #.#
...##.##....#.#. #.#
#.. ...##.# ....#...
#.# #.# ...##.#
....##.. #.# ...
...##.# ##.###.. #.#
#.# ...##.# ...... #.#
#.# ...##.# ####.. #.#
#.# ...##.#
######.######.######.#
...#
......D@.............#
##.#
######.######...####.#
#.# #. #...# #.###
##.## #. #.#######...
..÷.# ## #...........
....# #..######...
....# #..# #.!. ....#
#..# #... ....#
#..######...


You could see a steam dragon (catching breath).

Vanquished Creatures
  Pikel (D:5)
  A steam dragon (D:6)
  A black bear (D:5)
  4 ogres
  A scorpion (D:5)
  A bullfrog skeleton (D:4)
  2 centaur skeletons
  A hound (D:5)
  An orc priest (D:3)
  Crazy Yiuf (D:4)
  An iguana (D:2)
  An orc wizard (D:3)
  A hound skeleton (D:4)
  Robin (D:2)
  An adder (D:3)
  A worm (D:5)
  2 dart slugs
  8 orcs
  5 ball pythons
  8 bats
  9 endoplasms
  5 giant cockroaches
  13 goblins
  8 hobgoblins
  5 kobolds
  5 quokkas
  5 frilled lizards
  6 rats
99 creatures vanquished.

Notes
Turn   | Place    | Note
-------+----------+-------------------------------------------
     0 | D:1      | bande the Gargoyle Fighter began the quest for the Orb.
     0 | D:1      | Reached XP level 1. HP: 14/14 MP: 1/1
   285 | D:1      | Reached XP level 2. HP: 19/19 MP: 2/2
   598 | D:1      | Reached skill level 2 in Axes
   707 | D:1      | Reached XP level 3. HP: 18/23 MP: 3/3
  1131 | D:2      | Noticed Robin
  1358 | D:2      | Killed Robin
  1359 | D:2      | Reached XP level 4. HP: 22/29 MP: 4/4
  3248 | D:3      | Reached skill level 3 in Axes
  3384 | D:3      | Found a faded altar of an unknown god.
  3465 | D:3      | Reached XP level 5. HP: 33/33 MP: 5/5
  3645 | D:3      | Reached skill level 1 in Evocations
  3748 | D:3      | Found an ornate altar of the Wu Jian Council.
  4040 | D:4      | Reached XP level 6. HP: 34/38 MP: 6/6
  4206 | D:4      | Found a runed translucent door.
  4207 | D:4      | Noticed Crazy Yiuf
  4269 | D:4      | Found a transporter.
  4271 | D:4      | Noticed bronco's ghost (novice OpVM)
  4275 | D:4      | Noticed a necrophage
  4276 | D:4      | Found a transporter.
  4463 | D:4      | Reached skill level 4 in Axes
  4632 | D:4      | Killed Crazy Yiuf
  4685 | D:5      | Entered Level 5 of the Dungeon
  4724 | D:5      | Noticed a black bear
  4734 | D:5      | Killed a black bear
  4735 | D:5      | Reached XP level 7. HP: 23/43 MP: 7/7
  5114 | D:5      | Noticed Pikel
  5147 | D:5      | Killed Pikel
  5148 | D:5      | Reached skill level 5 in Axes
  5148 | D:5      | Reached skill level 5 in Armour
  5148 | D:5      | Reached XP level 8. HP: 12/48 MP: 8/8
  5594 | D:5      | Reached skill level 5 in Shields
  5624 | D:5      | Noticed Menkaure
  5639 | D:5      | You fall into a shaft and drop 1 floor!
  5690 | D:6      | Reached skill level 6 in Axes
  5722 | D:6      | Reached skill level 5 in Fighting
  6257 | D:5      | Killed from afar by a steam dragon

Illustrated notes

Levels and vault maps discovered:
D:1:      evilmike_arrival_hilbert_curve, layout_rooms
D:2:      layout_basic, minmay_small_reverse_x, uniq_robin
D:3:      layout_loops_cross, nicolae_wu_jian_wuxing_cycle,
          hellmonk_ecumenical_altar_pennies_from_heaven, minivault_19
D:4:      layout_gridville, gammafunk_ghost_mausoleum, uniq_crazy_yiuf_cottage
D:5:      layout_basic, mainiacjoe_overflow_catwalk, uniq_pikel, uniq_sigmund,
          uniq_menkaure
D:6:      layout_loops_corners, minmay_temple_entry_crystal_x,
          nrook_pool_corridor

Skill      XL: |  1  2  3  4  5  6  7  8 |
---------------+-------------------------+-----
Axes           | 2 3 4 5 6 |  6.4
Armour         | 4 5 |  5.4
Evocations     | 1 2 3 |  3.6
Shields        | 4 5 |  5.2
Fighting       | 4 5 |  5.1

Action                   |  1- 3 |  4- 6 |  7- 9 || total
-------------------------+-------+-------+-------++-------
Melee: War axe           |   117 |   149 |    65 ||   331
  Use: Scroll            |     2 |    10 |       ||    12
       Potion            |       |     5 |     2 ||     7
Armor: Scale mail        |    77 |    17 |       ||    94
       Chain mail        |       |    84 |    34 ||   118
Dodge: Dodged            |    51 |    66 |    20 ||   137
Block: Buckler           |    39 |    53 |    23 ||   115

Table legend: (Time is in decaauts)
 A = Elapsed time spent in this place.
 B = Non-inter-level travel time spent in this place.
 C = Inter-level travel time spent in this place.
 D = Time resting spent in this place.
 E = Time spent auto-exploring this place.
 F = Levels seen in this place.
 G = Mean time per level.
                   A        B        C        D        E       F      G
               +--------+--------+--------+--------+--------+-----+--------+
         Total |   6391 |   6324 |     67 |   2695 |   2481 |   6 | 1065.2 |
       Dungeon |   6391 |   6324 |     67 |   2695 |   2481 |   6 | 1065.2 |
               +--------+--------+--------+--------+--------+-----+--------+

Top non-repeatable levels by time:
     D:2: 1661 daAuts
     D:1: 1355 daAuts
     D:5: 1103 daAuts
     D:3: 1092 daAuts
     D:4: 688 daAuts
     D:6: 489 daAuts
